 Dungeon Crawl Stone Soup version 0.23.1 (webtiles) character file.

Game seed: 17447833207957787042

856 wolfsongas the Black Crusader (level 7, -7/59 HPs)
             Began as a Demonspawn Monk on Mar 2, 2019.
             Was a Priest of Yredelemnul.
             Killed by divine providence
             ... invoked by an orc priest
              (13 damage)
             ... on level 6 of the Dungeon.
             The game lasted 00:08:00 (4916 turns).

wolfsongas the Black Crusader (Demonspawn Monk)     Turns: 4916, Time: 00:08:00

Health: -7/59      AC: 11    Str: 13 (14) XL:     7   Next: 70%
Magic:  21/21      EV: 19    Int: 10 (11) God:    Yredelemnul [***...]
Gold:   217        SH:  0    Dex: 20      Spells: 6/6 levels left

rFire    . . .     SeeInvis .   a - +0 hand axe
rCold    . . .     Gourm    .   (no shield)
rNeg     + . .     Faith    .   l - +0 ring mail
rPois    .         Spirit   .   (helmet restricted)
rElec    .         Reflect  .   p - +2 cloak
rCorr    .         Harm     .   (no gloves)
MR       .....                  i - +2 pair of boots
Stlth    +++.......             (no amulet)
HPRegen  0.19/turn              e - ring of positive energy
MPRegen  0.17/turn              b - ring of magical power

@: agile, injury mirror
A: horns 1, repulsion field 1, demonic guardian 1
a: Recall Undead Slaves, Injury Mirror, Animate Dead, Renounce Religion


You were on level 6 of the Dungeon.
You worshipped Yredelemnul.
Yredelemnul was most pleased with you.
You were not hungry.

You visited 1 branch of the dungeon, and saw 6 of its levels.

You collected 217 gold pieces.

Inventory:

Hand Weapons
 a - a +0 hand axe (weapon)
Armour
 i - a +2 pair of boots (worn)
 l - a +0 ring mail (worn)
 p - a +2 cloak (worn)
Jewellery
 b - a ring of magical power (right hand)
 e - a ring of positive energy (left hand)
Wands
 n - a wand of paralysis (10)
Scrolls
 d - 3 scrolls of enchant armour
 f - 4 scrolls of teleportation
 k - 8 scrolls of remove curse
 r - 7 scrolls of identify
Potions
 g - a potion of resistance
 m - a potion of agility
Comestibles
 c - 8 rations


   Skills:
 + Level 6.9 Fighting
 - Level 2.6 Axes
 - Level 2.6 Dodging
 - Level 1.7 Stealth
 * Level 7.9 Invocations


You had 6 spell levels left.
You didn't know any spells.
Your spell library was empty.

Dungeon Overview and Level Annotations

Branches:
Dungeon (6/15)             Temple (0/1) D:4

Altars:
Ru
Sif Muna
Vehumet
Xom
Yredelemnul
Zin

Shops:
D:6 (


Innate Abilities, Weirdness & Mutations

You have a pair of small horns on your head.
You are surrounded by a mild repulsion field. (EV +2)
A weak demonic guardian rushes to your aid.


Message History

The orc warrior is heavily wounded.
The orc wizard shouts repeatedly.
You offer yourself to Yredelemnul, and are filled with unholy energy.
The orc warrior hits you with a +0 battleaxe.
* * * LOW HITPOINT WARNING * * *
Yredelemnul mirrors your injury!
The orc warrior is severely wounded.
The orc priest calls upon Beogh to heal the orc warrior.
The orc warrior is healed somewhat.
You hit the orc warrior but do no damage.
You headbutt the orc warrior, but do no damage.
The orc warrior is heavily wounded.
You hear the brisk hiss of a distant avalanche of sand.
The orc warrior barely misses you.
You closely miss the orc warrior.
The orc warrior is heavily wounded.
The orc priest calls down the wrath of Beogh upon you.
Beogh smites you!
You die...
Your body rises from the dead as a mindless zombie.

#.........########.##.#...# #.#.
#.........# #.##.#...# #.#.
#.........# #.##.#...# #.#.
#.........# #.##.#...###.#.
#.........########............#.
######'##.......#####.###..####.
#.##.#####.#####.#.........
#.##......55...............
#.########@#####.#.#.......
#######'#### #o# #.#.#...####
...........##..{oo.# #.#.....#
........(..##...o..# #.....#.#
...........##.....^# #######.#
........)..##......+ ...
...........##......# ##.#
#######'#####......# ..
#.........#...%..# ..#


You could see an orc warrior, an orc priest, 2 orc wizards and 2 friendly
quasits.

Vanquished Creatures
  Grinder (D:3)
  A howler monkey (D:5)
  A centaur zombie (D:5)
  A bullfrog zombie (D:5)
  2 hounds
  An orc priest (D:5)
  A bullfrog skeleton (D:4)
  Jessica (D:2)
  An iguana (D:6)
  5 orc wizards
  A worker ant (D:4)
  4 gnolls
  4 adders
  2 oozes (D:1)
  An adder skeleton (D:5)
  A worm (D:2)
  2 dart slugs
  2 leopard geckos (D:2)
  12 orcs
  5 bats
  3 giant cockroaches
  6 goblins
  11 hobgoblins
  6 kobolds
  2 quokkas (D:3)
  A ball python (D:2)
  6 frilled lizards
  A giant cockroach zombie (D:6)
  2 gnoll zombies (D:2)
  A quokka zombie (D:5)
  9 rats
97 creatures vanquished.

Vanquished Creatures (collateral kills)
  A crimson imp (D:5)
  A centaur skeleton (D:5)
  An orc wizard (D:5)
  A gnoll (D:5)
  3 orcs (D:5)
  A frilled lizard (D:5)
8 creatures vanquished.

Vanquished Creatures (others)
  A gnoll zombie (D:5)
1 creature vanquished.

Grand Total: 106 creatures vanquished

Notes
Turn   | Place    | Note
-------+----------+-------------------------------------------
     0 | D:1      | wolfsongas the Demonspawn Monk began the quest for the Orb.
     0 | D:1      | Reached XP level 1. HP: 18/18 MP: 1/1
   183 | D:1      | Gained mutation: You have a pair of small horns on your
                  | head. [demonic ancestry]
   183 | D:1      | Reached XP level 2. HP: 21/24 MP: 2/2
   393 | D:1      | Reached XP level 3. HP: 21/30 MP: 3/3
   600 | D:2      | Noticed Jessica
   749 | D:2      | Killed Jessica
   933 | D:2      | Reached XP level 4. HP: 28/38 MP: 4/4
  1069 | D:2      | Reached skill level 5 in Fighting
  1252 | D:2      | Found a basalt altar of Yredelemnul.
  1386 | D:2      | Became a worshipper of Yredelemnul the Dark
  1386 | D:2      | Reached * piety under Yredelemnul
  1386 | D:2      | Reached ** piety under Yredelemnul
  1795 | D:2      | Reached skill level 1 in Invocations
  1853 | D:3      | Gained mutation: You are surrounded by a mild repulsion
                  | field. (EV +2) [demonic ancestry]
  1853 | D:3      | Reached XP level 5. HP: 44/44 MP: 6/6
  1904 | D:3      | Reached skill level 2 in Invocations
  2098 | D:3      | Noticed Grinder
  2108 | D:3      | Paralysed by Grinder for 5 turns
  2121 | D:3      | Killed Grinder
  2121 | D:3      | Reached skill level 4 in Invocations
  2121 | D:3      | Gained mutation: A weak demonic guardian rushes to your
                  | aid. [demonic ancestry]
  2121 | D:3      | Reached XP level 6. HP: 29/52 MP: 6/9
  2375 | D:3      | Found a deep blue altar of Sif Muna.
  2489 | D:3      | Reached skill level 5 in Invocations
  3468 | D:4      | Found a staircase to the Ecumenical Temple.
  3622 | D:4      | Found a sacrificial altar of Ru.
  3632 | D:4      | Reached *** piety under Yredelemnul
  3632 | D:4      | Reached skill level 6 in Invocations
  3694 | D:5      | Entered Level 5 of the Dungeon
  3708 | D:5      | Reached XP level 7. HP: 57/59 MP: 11/11
  3715 | D:5      | Found a shimmering altar of Xom.
  3715 | D:5      | Noticed an angel
  3863 | D:5      | Found a radiant altar of Vehumet.
  4186 | D:5      | Reached skill level 7 in Invocations
  4254 | D:5      | Found a glowing silver altar of Zin.
  4629 | D:6      | Found Mogaiga's Antique Weapon Shoppe.
  4916 | D:6      | Killed from afar by an orc priest

Skill      XL: |  1  2  3  4  5  6  7 |
---------------+----------------------+-----
Fighting       | 4 5 6 |  6.9
Invocations    | 1 4 6 7 |  7.9
Axes           | |  2.6
Dodging        | |  2.6
Stealth        | |  1.7

Action                   |  1- 3 |  4- 6 |  7- 9 || total
-------------------------+-------+-------+-------++-------
Melee: Hand axe          |    71 |   224 |   135 ||   430
       Headbutt          |     9 |    41 |    23 ||    73
Invok: Injury Mirror     |       |       |     1 ||     1
       Animate Dead      |       |       |     1 ||     1
  Use: Scroll            |     3 |     6 |     2 ||    11
       Potion            |       |     8 |     2 ||    10
 Stab: Sleeping          |     1 |       |       ||     1
  Eat: Ration            |       |     3 |     1 ||     4
Armor: Robe              |    11 |       |       ||    11
       Ring mail         |     5 |   119 |    53 ||   177
Dodge: Dodged            |    38 |   134 |    99 ||   271
